 Dungeon Sprint DCSS version 0.24-a0-581-gc0fa660 (webtiles) character file.

Game seed: 3457087734329465879

23228 Faca the Executioner (level 13, -3/139 HPs)
             Began as a Hill Orc Fighter on Aug 22, 2019.
             Was the Champion of Makhleb.
             Killed by the air
             ... invoked by a wind drake
              (10 damage)
             ... in the Dungeon (Sprint V: "Ziggurat Sprint").
             The game lasted 00:07:32 (1383 turns).

Faca the Executioner (Hill Orc Fighter)             Turns: 1383, Time: 00:07:32

Health: -3/139     AC: 25    Str: 30    XL:     13   Next: 5%
Magic:  25/25      EV:  6    Int:  8    God:    Makhleb [******]
Gold:   0          SH: 19    Dex: 10    Spells: 12/12 levels left

rFire    + + +     SeeInvis .   v - +5 broad axe (vamp)
rCold    + + .     Gourm    .   w - +3 shield
rNeg     . . .     Faith    .   x - +5 gold dragon scales
rPois    +         Spirit   .   (no helmet)
rElec    +         Reflect  +   (no cloak)
rCorr    +         Harm     .   (no gloves)
MR       .....     NoTele   +   (no boots)
Stlth    ..........             J - +2 amulet of reflection
HPRegen  0.33/turn              F - +6 ring of strength
MPRegen  0.19/turn              L - ring "Baro" {rF+ Slay+4}

@: resistant, flying (expiring)
A: no striking features
a: Minor Destruction, Lesser Servant of Makhleb, Major Destruction, Greater
Servant of Makhleb, Renounce Religion


You were in the Dungeon.
You worshipped Makhleb.
Makhleb was exalted by your worship.
You were not hungry.

You visited 1 branch

Inventory:

Hand Weapons
 v - a +5 vampiric broad axe (weapon)
 M - the +5 demon whip "Spellbinder" {antimagic, MR+}
   (You took it off a merfolk in the Dungeon)

   It reduces the magical energy of the wielder, and disrupts the spells and
   magical abilities of those hit.
   Natural abilities and divine invocations are not affected.
   It affects your resistance to hostile enchantments.
Armour
 a - a +3 large shield
 w - a +3 shield (worn)
 x - +5 gold dragon scales (worn)
 y - +5 storm dragon scales
Jewellery
 A - an uncursed ring of flight
 B - a +6 ring of dexterity
 C - a +6 ring of dexterity
 D - a +6 ring of intelligence
 E - a +6 ring of intelligence
 F - a +6 ring of strength (left hand)
 G - a +6 ring of strength
 J - a +2 amulet of reflection (around neck)
 L - the ring "Baro" (right hand) {rF+ Slay+4}
   (You found it in the Dungeon)

   [ring of protection from fire]

   It affects your accuracy and damage with ranged weapons and melee attacks
   (+4).
   It protects you from fire.
 N - the ring "Ogufytzux" {rC+ MR+}
   (You found it in the Dungeon)

   [ring of protection from magic]

   It protects you from cold.
   It affects your resistance to hostile enchantments.
Wands
 b - a wand of disintegration (7)
 c - a wand of iceblast (7)
 z - a wand of acid (7)
Scrolls
 k - 4 scrolls of blinking
 o - 4 scrolls of amnesia
 q - 7 scrolls of fog
 r - a scroll of holy word
 s - 5 scrolls of identify
 t - 5 scrolls of remove curse
 u - 2 scrolls of fear
 I - 4 scrolls of enchant armour
Potions
 d - 6 potions of might
 e - 8 potions of curing
 g - 2 potions of heal wounds
 h - 6 potions of haste
 i - 7 potions of magic
 j - 3 potions of berserk rage
 l - 2 potions of brilliance
 m - 2 potions of invisibility
 n - 3 potions of resistance
 p - 6 potions of agility
Miscellaneous
 K - 2 phantom mirrors
Comestibles
 f - 7 rations


   Skills:
 - Level 20.0 Fighting
 - Level 22.3 Axes
 + Level 14.8 Armour
 + Level 14.9 Shields
 + Level 16.5 Invocations


You had 12 spell levels left.
You didn't know any spells.
Your spell library contained the following spells:

 Spells                   Type           Power        Failure   Level  Hunger
 Apportation              Tloc           #.....       100%        1    ##.....
 Summon Butterflies       Summ           #.......     100%        1    ##.....
 Blink                    Tloc           N/A          100%        2    ###....
 Shroud of Golubria       Chrm/Tloc      #.....       100%        2    ###....
 Sublimation of Blood     Necr           #.........   100%        2    ###....
 Gell's Gravitas          Tloc           #.........   100%        3    ####...
 Ignite Poison            Fire/Tmut/Pois #.......     100%        3    ####...
 Lesser Beckoning         Tloc           #.........   100%        3    ####...
 Teleport Other           Tloc           #.......     100%        3    ####...
 Tukima's Dance           Hex            #.......     100%        3    ####...
 Passage of Golubria      Tloc           N/A          100%        4    #####..
 Petrify                  Tmut/Erth      #.......     100%        4    #####..
 Alistair's Intoxication  Tmut/Pois      #.......     100%        5    ######.
 Irradiate                Conj/Tmut      #.........   100%        5    ######.
 Invisibility             Hex            #.......     100%        6    #######


Dungeon Overview and Level Annotations

Branches:
Dungeon (1/1)

Altars:
Ashenzari
Cheibriados
Dithmenos
Elyvilon
Fedhas
Gozag
Hepliaklqana
Kikubaaqudgha
Makhleb
Nemelex Xobeh
Okawaru
Qazlal
Ru
Sif Muna
Trog
Uskayaw
Vehumet
Wu Jian
Xom
Yredelemnul
Zin
The Shining One
Beogh
Jiyva
Lugonu


Message History

The air elemental completely misses you.
The spriggan air mage waves its arms in wide circles.
The air twists around and violently strikes you in flight!
* * * LOW HITPOINT WARNING * * *
The insubstantial wisp blinks!
The air elemental hits you but does no damage.
The spriggan air mage hits you but does no damage.
You feel protected.
You are engulfed in raging winds.
The air elemental hits you!
* * * LOW HITPOINT WARNING * * *
The air elemental hits you but does no damage.
The wind drake flaps its wings at you.
The air twists around and violently strikes you in flight!
* * * LOW HITPOINT WARNING * * *
The wind drake flaps its wings at you.
The air twists around and violently strikes you in flight!
* * * LOW HITPOINT WARNING * * *
The wind drake flaps its wings at you.
The air twists around and violently strikes you in flight!
You die...

▓...D=="=)..▓...©....▓.
▓....Dv.....▓▓▓▓▓▓▓▓▓▓▓
▓.§§.k§§§...▓...8©8...▓
▓..§§.k.i...▓..|::)...▓
▓.§§§k§§k...▓...|)}...▓
▓.§▓vk§§§▓..▓.........▓
▓.▓§▓D§§▓.▓ ▓.........▓
▓.§▓§Ei§§▓..▓.........▓
▓.§§§§@§§...▓.....)...▓
▓▓▓▓▓▓▓▓▓▓▓▓▓.▓.....▓.▓
▓....8©8....▓....©....▓
▓..[)[)))|..▓▓▓▓▓▓▓▓▓▓▓
▓...|}}[)...▓...8©8...▓
▓...........▓...=)|=..▓
▓...........▓...}|....▓
▓...........▓.........▓
▓...........▓.........▓


You could see 2 storm dragons, 5 wind drakes, 2 spriggan air magi, an air
elemental and 2 insubstantial wisps.

Vanquished Creatures
  An acid blob (D)
  2 azure jellies (D)
  A fire giant (D)
  2 stone giants (D)
  2 death oozes (D)
  4 great orbs of eyes (D)
  3 two-headed ogres (D)
  A cyclops (D)
  3 toenail golems (D)
  3 eyes of devastation (D)
  A black mamba (D)
  2 efreet (D)
  5 merfolk (D)
  6 slime creatures (D)
  2 hippogriffs (D)
  2 spriggans (D)
  A tarantella (D)
  4 fire elementals (D)
  A golden eye (D)
  A naga (D)
  2 hell hounds (D)
  2 water moccasins (D)
  3 black bears (D)
  3 ogres (D)
  3 wolves (D)
  2 centaurs (D)
  A bullfrog (D)
  4 scorpions (D)
  4 orc priests (D)
  A jelly (D)
  An iguana (D)
  2 orc wizards (D)
  2 adders (D)
  2 oozes (D)
  2 jackals (D)
  3 fire vortices (D)
84 creatures vanquished.

Vanquished Creatures (others)
  A hell hog (D)
  A fire vortex (D)
2 creatures vanquished.

Grand Total: 86 creatures vanquished

Notes
Turn   | Place    | Note
-------+----------+-------------------------------------------
     0 | D        | Faca the Hill Orc Fighter began the quest for the Orb.
     0 | D        | Reached XP level 1. HP: 19/19 MP: 1/1
     0 | D        | Found a shimmering blue altar of Sif Muna.
     0 | D        | Found a sacrificial altar of Ru.
     0 | D        | Found a bloodstained altar of Trog.
     0 | D        | Found a stormy altar of Qazlal.
     0 | D        | Found an iron altar of Okawaru.
     0 | D        | Found a sparkling altar of Nemelex Xobeh.
     0 | D        | Found a blossoming altar of Fedhas.
     1 | D        | Found the +6 Majin-Bo {vamp, Archmagi MP+6 Int+6}
     1 | D        | Found the +7 great mace "Firestarter" {inner flame, rF++}
     2 | D        | Reached skill level 10 in Axes
     2 | D        | Reached XP level 2. HP: 26/26 MP: 2/2
     3 | D        | Found a transporter.
     3 | D        | Found an ancient bone altar of Kikubaaqudgha.
     3 | D        | Found a viscous altar of Jiyva.
     3 | D        | Found a corrupted altar of Lugonu.
     3 | D        | Found a hazy altar of Hepliaklqana.
     3 | D        | Found a burning altar of Makhleb.
     3 | D        | Found an opulent altar of Gozag.
    58 | D        | Became a worshipper of Makhleb the Destroyer
    61 | D        | Found the +6 shillelagh "Devastator" {shatter}
    61 | D        | Found the +11 plutonium sword {*Contam Stlth-}
    61 | D        | Found the +8 lance "Wyrmbane" {slay drac, rPois rF+ rC+
                  | AC+3}
    61 | D        | Found the +9 sword of Zonguldrok {reap}
    61 | D        | Found the cursed +13 scythe of Curses {drain, *Curse}
    61 | D        | Found the +0 sword of Power
    61 | D        | Found the +7 mace of Variability {chain chaos}
    61 | D        | Found the +7 Singing Sword {slice, sonic wave}
    61 | D        | Found the +8 storm bow {elec, penet}
    62 | D        | Found the +9 heavy crossbow "Sniper" {velocity, Acc+∞ SInv}
    62 | D        | Found the +10 dark maul {crush}
    62 | D        | Found the +15 Maxwell's patent armour {-Cast -Tele rElec
                  | MR+ rCorr}
    62 | D        | Found the +18 shield of the Gong {rElec rN+ MR+ EV-5}
    62 | D        | Found the cursed +14 obsidian axe {chop, +Fly SInv *Curse}
    65 | D        | Entered arena 2.
    65 | D        | Found a transporter.
    69 | D        | Reached skill level 5 in Fighting
    69 | D        | Reached XP level 3. HP: 13/36 MP: 3/3
    70 | D        | HP: 1/36 [orc priest/nerve-wracking pain (1)]
    71 | D        | Reached skill level 11 in Axes
    71 | D        | Reached XP level 4. HP: 1/44 MP: 4/4
   377 | D        | Entered arena 3.
   377 | D        | Noticed a toenail golem
   377 | D        | Noticed a toenail golem
   377 | D        | Noticed a toenail golem
   377 | D        | Found a transporter.
   387 | D        | Killed a toenail golem
   387 | D        | Reached * piety under Makhleb
   387 | D        | Reached skill level 14 in Axes
   387 | D        | Reached XP level 5. HP: 51/60 MP: 5/5
   387 | D        | Reached XP level 6. HP: 58/68 MP: 6/6
   387 | D        | Killed a toenail golem
   387 | D        | Reached skill level 15 in Axes
   387 | D        | Reached XP level 7. HP: 78/78 MP: 7/7
   391 | D        | Killed a toenail golem
   391 | D        | Reached skill level 16 in Axes
   391 | D        | Reached XP level 8. HP: 88/88 MP: 8/8
   401 | D        | Entered arena 4.
   401 | D        | Found a transporter.
   404 | D        | Reached ** piety under Makhleb
   413 | D        | Entered arena 5.
   413 | D        | Found a transporter.
   418 | D        | Reached *** piety under Makhleb
   418 | D        | Reached skill level 17 in Axes
   462 | D        | Entered arena 6.
   462 | D        | Noticed a tarantella
   462 | D        | Found a transporter.
   465 | D        | Killed a tarantella
   465 | D        | Reached skill level 15 in Fighting
   466 | D        | Reached **** piety under Makhleb
   478 | D        | Entered arena 7.
   478 | D        | Noticed a black mamba
   481 | D        | Found a transporter.
   484 | D        | Killed a black mamba
   484 | D        | Reached skill level 18 in Axes
   484 | D        | Reached XP level 9. HP: 101/101 MP: 9/9
   484 | D        | Reached ***** piety under Makhleb
   565 | D        | Entered arena 8.
   565 | D        | Noticed a hell hog
   565 | D        | Noticed an efreet
   568 | D        | Found a transporter.
   571 | D        | Reached skill level 19 in Axes
   574 | D        | Killed a hell hog
   582 | D        | Killed an efreet
   600 | D        | Got the ring of Foeme {Ice -Tele rElec Str+4}
   769 | D        | Got the ring of Meegurch {Str+5 Int+4}
   778 | D        | Entered arena 9.
   778 | D        | Noticed an efreet
   780 | D        | Found a transporter.
   785 | D        | Reached XP level 10. HP: 55/117 MP: 10/10
   787 | D        | Reached ****** piety under Makhleb
   787 | D        | Reached skill level 20 in Axes
  1057 | D        | Entered arena 10.
  1058 | D        | Identified the +2 hand axe of Yredelemnul's Approval
                  | {speed, rPois}
  1060 | D        | Reached skill level 5 in Armour
  1060 | D        | Reached skill level 5 in Shields
  1060 | D        | Reached skill level 1 in Invocations
  1072 | D        | Found a transporter.
  1095 | D        | Got the ring "Baro" {rF+ Slay+4}
  1100 | D        | Entered arena 11.
  1104 | D        | Found a transporter.
  1111 | D        | Reached skill level 5 in Invocations
  1116 | D        | Reached skill level 21 in Axes
  1132 | D        | Got the ring "Ogufytzux" {rC+ MR+}
  1173 | D        | Entered arena 12.
  1173 | D        | Noticed a two-headed ogre
  1173 | D        | Noticed a cyclops
  1173 | D        | Noticed a fire giant
  1173 | D        | Noticed a two-headed ogre
  1173 | D        | Noticed a stone giant
  1173 | D        | Noticed a two-headed ogre
  1174 | D        | Noticed a stone giant
  1176 | D        | Found a transporter.
  1181 | D        | Reached XP level 11. HP: 124/124 MP: 16/16
  1185 | D        | Killed a two-headed ogre
  1185 | D        | Killed a two-headed ogre
  1186 | D        | Killed a stone giant
  1187 | D        | Killed a two-headed ogre
  1187 | D        | Reached skill level 10 in Invocations
  1189 | D        | Killed a fire giant
  1189 | D        | Reached skill level 22 in Axes
  1189 | D        | Reached skill level 10 in Armour
  1189 | D        | Reached skill level 10 in Shields
  1194 | D        | Killed a cyclops
  1194 | D        | Killed a stone giant
  1222 | D        | Entered arena 13.
  1222 | D        | Noticed a great orb of eyes
  1222 | D        | Noticed an acid blob
  1222 | D        | Noticed an azure jelly
  1223 | D        | Found the +8 demon trident "Rift" {distort, reach+}
  1226 | D        | Noticed a death ooze
  1232 | D        | Killed an acid blob
  1232 | D        | Reached XP level 12. HP: 127/133 MP: 19/21
  1235 | D        | Killed an azure jelly
  1255 | D        | Killed a great orb of eyes
  1257 | D        | Killed a death ooze
  1264 | D        | Found a transporter.
  1304 | D        | Entered arena 14.
  1309 | D        | Noticed a great orb of eyes
  1309 | D        | Noticed a great orb of eyes
  1309 | D        | Noticed a death ooze
  1309 | D        | Noticed an azure jelly
  1309 | D        | Noticed a great orb of eyes
  1323 | D        | Killed a great orb of eyes
  1323 | D        | Reached skill level 15 in Invocations
  1327 | D        | Killed a great orb of eyes
  1331 | D        | Killed an azure jelly
  1332 | D        | Killed a great orb of eyes
  1333 | D        | Killed a death ooze
  1333 | D        | Reached XP level 13. HP: 139/139 MP: 18/25
  1343 | D        | Found a transporter.
  1375 | D        | Entered arena 15.
  1376 | D        | Noticed a storm dragon
  1376 | D        | Noticed a storm dragon
  1383 | D        | Killed from afar by a wind drake

Levels and vault maps discovered:
D:        sprint_v [room_start, room_1, room_2, room_3, room_4, room_5, room_6,
          room_7, room_8, room_9, room_10, room_11, room_12, room_13, room_14,
          room_15, room_16, room_17, room_18, room_19, room_20, room_21,
          room_22, room_23, room_24, room_25, room_26, room_27]

Skill      XL: |  1  2  3  4  5  6  7  8  9 10 11 12 |
---------------+-------------------------------------+-----
Axes           | 10 11 14 15 16 18 19 21 22 | 22.3
Fighting       | 5 6 11 12 13 16 19 20 | 20.0
Armour         | 8 11 14 | 14.8
Shields        | 8 11 14 | 14.9
Invocations    | 7 12 16 | 16.5

Action                   |  1- 3 |  4- 6 |  7- 9 | 10-12 | 13-15 || total
-------------------------+-------+-------+-------+-------+-------++-------
Melee: Broad axe         |     5 |     7 |    49 |    96 |    11 ||   168
  Use: Potion            |     1 |       |     2 |     7 |     2 ||    12
       Scroll            |       |       |       |     1 |       ||     1
  Eat: Chunk             |       |       |       |     1 |     1 ||     2
Armor: Storm dragon scal |     1 |     9 |    18 |    57 |       ||    85
       Gold dragon scale |       |       |       |     8 |     5 ||    13
Dodge: Dodged            |       |     2 |    10 |    32 |     2 ||    46
Block: Shield            |     1 |     6 |    38 |    98 |     6 ||   149
       Reflection        |       |       |       |     3 |       ||     3

Table legend:
 A = Non-vault XP
 B = Vault XP
 C = Vault XP percentage of total XP
 D = Non-vault monster count
 E = Vault monster count
 F = Vault count percentage of total count
                 A         B        C        D         E       F
            +---------+---------+-------+---------+---------+-------
      Total |     815 |   32358 |  97.5 |       3 |      79 |  96.3
            +---------+---------+-------+---------+---------+-------
          D |     815 |   32358 |  97.5 |       3 |      79 |  96.3
            +---------+---------+-------+---------+---------+-------
